 Dungeon Crawl Stone Soup version 0.30-a0-738-g116ff8c4af (webtiles) character file.

Game seed: 4502624616262124056

112 Leeroy the Slasher (level 4, 0/23 HPs)
             Began as a Vine Stalker Warper on Feb 3, 2023.
             Succumbed to an orc wizard's poison
             ... on level 3 of the Dungeon.
             The game lasted 00:02:20 (1697 turns).

Leeroy the Slasher (Vine Stalker Warper)            Turns: 1697, Time: 00:02:20

Health: 0/23       AC:  5    Str: 14    XL:     4   Next: 93%
Magic:  2/8        EV: 12    Int: 13    God:
Gold:   151        SH:  0    Dex: 18    Spells: 7/7 levels left

rFire   . . .      SeeInvis .    a - +0 falchion
rCold   . . .      Faith    .    (no shield)
rNeg    . . .      Spirit   +    b - +0 leather armour
rPois   .          Reflect  .    u - +0 helmet
rElec   .          Harm     .    (no cloak)
rCorr   .          Rampage  .    n - +0 pair of fencer's gloves {Riposte Dex+3}
Will    .....                    (no boots)
Stlth   +                        (no amulet)
HPRegen 1.03/turn                (no ring)
MPRegen 0.11/turn                (no ring)

@: lethally poisoned (0 -> -3), on berserk cooldown, slowed, very slow
A: fangs 2, regeneration 1, magic shield, antimagic bite, no potion heal 2
a: no special abilities


You were on level 3 of the Dungeon.
You visited 1 branch of the dungeon, and saw 3 of its levels.

You collected 151 gold pieces.

Inventory:

Hand Weapons
 a - a +0 falchion (weapon)
 p - the +3 dagger of Courage {holy, rC++}
   (You took it off a hobgoblin on level 2 of the Dungeon)

   rC:        It greatly protects you from cold.
 r - a +2 hand axe of electrocution
Missiles
 d - 7 boomerangs of dispersal (quivered)
Armour
 b - a +0 leather armour (worn)
 n - the +0 pair of fencer's gloves (worn) {Riposte Dex+3}
   (You found it on level 2 of the Dungeon)

   Riposte:   It allows the wearer to riposte with melee weapons, swiftly
   retaliating against missed or blocked melee attacks.
   Dex:       It affects your dexterity (+3).
 u - a +0 helmet (worn)
Wands
 m - a wand of paralysis (5)
Scrolls
 i - 3 scrolls of identify {unknown}
 j - a scroll of acquirement {unknown}
 k - a scroll of vulnerability {unknown}
 l - a scroll of poison {unknown}
 o - 2 scrolls of teleportation {unknown}
 s - a scroll of magic mapping {unknown}
 w - a scroll of noise {unknown}
Potions
 e - a potion of ambrosia {unknown}
 f - a potion of lignification {unknown}
 g - a potion of heal wounds
 h - 3 potions of berserk rage
 q - a potion of curing {unknown}
 t - 2 potions of degeneration {unknown}
 v - a potion of flight {unknown}


   Skills:
 - Level 1.7 Fighting
 - Level 3.6 Long Blades
 - Level 0.8 Throwing
 - Level 0.7 Armour
 + Level 2.8 Dodging
 - Level 2.1 Spellcasting
 - Level 3.0 Translocations


You had 7 spell levels left.
You didn't know any spells.
Your spell library contained the following spells:

 Spells                   Type           Power      Damage    Failure   Level
 Blink                    Tloc           18%        N/A       14%         2
 Lesser Beckoning         Tloc           18%        N/A       14%         2
 Teleport Other           Tloc           9%         N/A       28%         3
 Vhi's Electric Charge    Tloc/Air       10%        N/A       45%         3
 Dazzling Flash           Conj/Hex       2%         N/A       67%         3
 Manifold Assault         Tloc           9%         N/A       67%         4
 Agony                    Necr           1%         N/A       100%        5
 Silence                  Hex/Air        0%         N/A       100%        5


Dungeon Overview and Level Annotations

Branches:
Dungeon (3/15)

Altars:


Innate Abilities, Weirdness & Mutations

You have extremely sharp teeth.
Your natural rate of healing is unusually fast.
When hurt, damage is shared between your health and your magic reserves.
Your bite disrupts and absorbs the magic of your enemies.
Potions cannot restore your health.


Message History

The hobgoblin barely misses you.
You riposte.
You barely miss the hobgoblin. Your bite misses the hobgoblin.
The hobgoblin is severely wounded.
The orc wizard hits you with a +0 dagger of venom.
You are poisoned.
The orc wizard misses you. The hobgoblin misses you.
You closely miss the orc wizard. You bite the orc wizard.
The orc wizard's magic leaks into the air.
You drain its magic.
You feel invigorated.
The orc wizard is moderately wounded.
You feel very sick. The hobgoblin closely misses you.
The orc wizard falters for a moment.
You barely miss the orc wizard. Your bite misses the orc wizard.
The orc wizard is moderately wounded.
You feel sick.
The hobgoblin hits you but does no damage.
The orc wizard closely misses you.
The orc priest calls down the wrath of Beogh upon you.
Beogh smites you!
The orc wizard hits you but does no damage.
You are more poisoned.
The hobgoblin hits you.
You hit the orc wizard. Your bite misses the orc wizard.
The orc wizard is heavily wounded.
You feel very sick. The hobgoblin closely misses you.
The orc wizard hits you with a +0 dagger of venom.
You are lethally poisoned!
The orc wizard hits you but does no damage.
The orc priest looks satisfied for a moment.
The hobgoblin closely misses you.
You riposte.
You barely miss the hobgoblin.
You bite the hobgoblin, but do no damage.
The hobgoblin is severely wounded.
Blink to where?
Press: ? - help, Dir - move target
As you read the scroll of blinking, it crumbles to dust.
* * * LOW HITPOINT WARNING * * *
You feel very sick.
It was a potion of heal wounds.
That seemed strangely inert.
You die...

..# ..# .. ..# ... ..# ...
.####### #.# ##### .......# #.#
#...# ######.# #.# #.(.# #.#
##.#####...####### #.#
#..†@......g)o...#
#.######..#####...#o.......
#........)..>##...#o.......
#............##...#........
##...........##...#.....!./
#######...........##...#........
..................##...#......<.
#######...........####..........
.######....[......#


You could see a hobgoblin.

Vanquished Creatures
  6 adders
  3 worms
  5 orcs (D:3)
  3 ball pythons (D:1)
  3 bats
  5 endoplasms
  2 giant cockroaches
  3 hobgoblins
  7 kobolds
  2 quokkas
  2 frilled lizards
  3 goblins (D:2)
  A rat (D:2)
45 creatures vanquished.

Notes
Turn   | Place    | Note
-------+----------+-------------------------------------------
     0 | D:1      | Leeroy the Vine Stalker Warper began the quest for the Orb.
     0 | D:1      | Reached XP level 1. HP: 11/11 MP: 4/4
   138 | D:1      | Reached XP level 2. HP: 13/15 MP: 6/6
   629 | D:2      | Reached XP level 3. HP: 11/18 MP: 7/7
   762 | D:2      | Found the +0 pair of fencer's gloves {Riposte Dex+3}
   856 | D:2      | Identified the +3 dagger of Courage {holy, rC++}
  1118 | D:2      | Gained mutation: Your natural rate of healing is unusually
                  | fast. [Vine Stalker growth]
  1118 | D:2      | Reached XP level 4. HP: 21/23 MP: 6/8
  1696 | D:3      | HP: 1/23 [poisoned by an orc wizard]
  1697 | D:3      | Succumbed to an orc wizard's poison

Illustrated notes

Levels and vault maps discovered:
D:1:      minmay_arrival_open_corners, layout_loops_ring
D:2:      layout_rooms, kennysheep_generic_room_10
D:3:      layout_basic, zin_angel, serial_curves, eino_curves_04, eino_curves_04

Skill      XL: |  1  2  3  4 |
---------------+-------------+-----
Long Blades    | 2 3 |  3.6
Dodging        | 2 |  2.8
Fighting       | |  1.7
Throwing       | |  0.8
Armour         | |  0.7
Spellcasting   | |  2.1
Translocations | |  3.0

Action                     |  1- 3 |  4- 6 || total
---------------------------+-------+-------++-------
  Melee: Falchion          |    98 |    53 ||   151
         Bite              |    26 |    22 ||    48
    Use: Potion            |       |     2 ||     2
         Scroll            |       |     1 ||     1
   Stab: Sleeping          |     1 |     1 ||     2
 Armour: Leather armour    |    24 |    11 ||    35
  Dodge: Dodged            |    55 |    40 ||    95
Riposte: Falchion          |     1 |    10 ||    11

Table legend: (Time is in decaauts)
 A = Elapsed time spent in this place.
 B = Non-inter-level travel time spent in this place.
 C = Inter-level travel time spent in this place.
 D = Time resting spent in this place.
 E = Time spent auto-exploring this place.
 F = Levels seen in this place.
 G = Mean time per level.
                   A        B        C        D        E       F      G
               +--------+--------+--------+--------+--------+-----+--------+
         Total |   1722 |   1675 |     47 |      0 |   1271 |   3 |  574.0 |
       Dungeon |   1722 |   1675 |     47 |      0 |   1271 |   3 |  574.0 |
               +--------+--------+--------+--------+--------+-----+--------+

Top non-repeatable levels by time:
     D:2: 665 daAuts
     D:1: 614 daAuts
     D:3: 441 daAuts
